 Dungeon Crawl Stone Soup version 0.19.1 (webtiles) character file.

21357 Haldmier the Basher (level 12, -7/107 HPs)
             Began as a Minotaur Berserker on Dec 8, 2016.
             Was an Elder of Trog.
             Mangled by a white ugly thing (13 damage)
             ... on level 14 of the Dungeon.
             The game lasted 00:44:12 (14102 turns).

Haldmier the Basher (Minotaur Berserker)           Turns: 14102, Time: 00:44:13

Health: -7/107     AC: 14    Str: 22    XL:     12   Next: 53%
Magic:  14/14      EV: 11    Int:  6    God:    Trog [****..]
Gold:   729        SH: 19    Dex: 13    Spells: 0 memorised, 11 levels left

rFire  + . .     SeeInvis .     G - -1 morningstar (curse)
rCold  + . .     Gourm    .     F - +2 ring mail {rF+}
rNeg   . . .     Faith    .     j - +0 large shield
rPois  .         Spirit   .     (helmet restricted)
rElec  .         Reflect  .     l - +2 cloak {+Inv}
rCorr  .         Harm     .     (no gloves)
MR     +++..                    n - +0 pair of boots
Stlth  +.........               (no amulet)
                                g - ring of protection from magic
                                B - ring of protection from cold

@: exhausted, regenerating, slowed, very slow
A: retaliatory headbutt, horns 2
a: Berserk, Trog's Hand, Brothers in Arms, Burn Spellbooks, Renounce Religion,
Evoke Invisibility


You were on level 14 of the Dungeon.
You worshipped Trog.
Trog was greatly pleased with you.
You were near starving.

You visited 2 branches of the dungeon, and saw 13 of its levels.

You collected 729 gold pieces.

Inventory:

Hand Weapons
 a - a +1 mace
 y - a +0 flail
 G - a cursed -1 morningstar (weapon)
Missiles
 p - 16 tomahawks (quivered)
 S - a throwing net
Armour
 j - a +0 large shield (worn)
 l - a +2 cloak of invisibility (worn)
 n - a +0 pair of boots (worn)
 F - a +2 ring mail of fire resistance (worn)
Jewellery
 b - an uncursed ring of protection from fire
 g - a ring of protection from magic (right hand)
 B - a ring of protection from cold (left hand)
Wands
 d - a wand of polymorph (7/24)
 A - a wand of lightning (1/15)
 D - a wand of paralysis (9/24)
 H - a wand of lightning (6/15)
 M - a wand of teleportation (9/9)
 P - a wand of lightning (11/15)
 T - a wand of flame (29/48)
 V - a wand of lightning (6/15)
Scrolls
 o - 5 scrolls of remove curse
 u - a scroll of enchant weapon
 x - a scroll of fog
 L - a scroll of recharging
 N - a scroll of torment {unknown}
 O - 2 scrolls of blinking
 R - a scroll of magic mapping
Potions
 e - a potion of ambrosia
 k - a potion of cure mutation {unknown}
 r - 3 potions of agility
 s - 2 potions of haste
 t - a potion of invisibility {unknown}
 v - 3 potions of flight
 w - a potion of heal wounds
 z - 4 potions of curing
 E - a potion of cancellation
 J - a potion of degeneration {unknown}
 K - 3 potions of lignification
 Q - a potion of resistance {unknown}
Comestibles
 c - 9 bread rations
 f - a beef jerky
 i - 6 meat rations
 q - 8 fruits


   Skills:
 + Level 10.5 Fighting
 * Level 14.6 Maces & Flails
 + Level 10.2 Armour
 - Level 5.0 Dodging
 * Level 12.5 Shields
 - Level 4.0 Evocations


You had 11 spell levels left.
You didn't know any spells.

Dungeon Overview and Level Annotations

Branches:
Dungeon (11/15)            Temple (0/1) D:6            Lair (1/6) D:8
    Orc: D:9-12

Altars:
Cheibriados
Dithmenos
Fedhas
Gozag
Makhleb
Nemelex Xobeh
Okawaru
Ru
Uskayaw
Vehumet
Xom
Yredelemnul
The Shining One

Annotations:
D:14 Kirke


Innate Abilities, Weirdness & Mutations

You reflexively headbutt those who attack you in melee.
You have a pair of horns on your head.


Message History

The white ugly thing is moderately wounded.
The white ugly thing stings you. The white ugly thing freezes you! You resist.
You take 17 damage, and have 49/107 hp.
You puncture the white ugly thing!
The white ugly thing is moderately wounded.
The white ugly thing stings you! The white ugly thing freezes you! You resist.
* * * LOW HITPOINT WARNING * * *
You block the white ugly thing's attack.
You take 27 damage, and have 22/107 hp.
MASSIVE DAMAGE!!
Your skin crawls.
You feel resistant to hostile enchantments.
You are near starving!
The white ugly thing closely misses you.
You regained 2 hp, and now have 24/107 hp.
You fail to use your ability.
The white ugly thing stings you!
* * * LOW HITPOINT WARNING * * *
The white ugly thing freezes you! You resist.
* * * LOW HITPOINT WARNING * * *
The white ugly thing stings you!
You die...

#.# #.###.###.### #.#
#.# #.# #.#
####.#########.###.# #.#
................†.># #.#
############.#.###.###.#
##### #.#.#.......#
..... #.#.#.#.#####
...... #.#.#.#..#
##......####.#.#@#..#
...............#u#..#
........####.###Z#..#
.#.#.#.. #u# #.#..#
........ #.# #.#..#
.#.#.#.# #.# #.#
........ #u. ...
.#.#.#.. .#..###.
........ u .. ..


You could see a white ugly thing and a centaur warrior simulacrum.

Vanquished Creatures
  A hydra (Lair:1)
  2 centaur warriors (D:14)
  An unseen horror (D:11)
  The ghost of azzavlup the Frost Mage, a novice MfIE of Yredelemnul (D:7)
  A hill giant (D:11)
  5 ugly things (D:14)
  A centaur zombie (D:14)
  A black mamba (Lair:1)
  5 spiny frogs (Lair:1)
  A spiny frog (shapeshifter) (D:14)
  A centaur skeleton (D:10)
  2 komodo dragons
  A troll (D:11)
  A merfolk (D:10)
  Grinder (D:3)
  10 blink frogs (Lair:1)
  A hippogriff (D:11)
  A meliai zombie (D:10)
  A wraith (D:10)
  A wyvern (D:8)
  22 yaks
  4 hogs (D:14)
  A mottled dragon (D:14)
  3 hungry ghosts
  2 water moccasins (Lair:1)
  3 porcupines (Lair:1)
  An ice beast (D:7)
  3 sky beasts
  2 black bears
  2 orc warriors
  2 ogres
  A phantom (D:11)
  6 centaurs
  2 necrophages
  10 wolves (Lair:1)
  3 crocodiles (Lair:1)
  2 big kobolds (D:11)
  4 earth elementals
  A wyvern zombie (D:14)
  8 bullfrogs
  2 wyvern skeletons
  A scorpion (D:14)
  2 wights (D:11)
  3 crimson imps
  A howler monkey (D:5)
  A quasit (D:9)
  3 jellies
  Crazy Yiuf (D:2)
  4 bullfrog skeletons
  A bullfrog zombie (D:11)
  2 orc priests
  3 hounds
  Natasha (thrice) (D:2)
  An iguana (D:7)
  2 orc wizards (D:11)
  8 worker ants
  2 hound skeletons
  A worker ant zombie (D:10)
  8 adders
  6 gnolls
  2 shadow imps
  An adder skeleton (D:7)
  4 worms
  4 dart slugs
  A leopard gecko (D:2)
  19 orcs
  6 bats
  4 giant cockroaches
  10 hobgoblins
  7 jackals
  5 quokkas
  4 frilled lizards
  A giant cockroach zombie (D:6)
  6 goblins
  A jackal skeleton (D:5)
  15 kobolds
  A quokka skeleton (D:6)
  3 rats
270 creatures vanquished.

Vanquished Creatures (others)
  4 fungi (Lair:1)
  4 plants
8 creatures vanquished.

Grand Total: 278 creatures vanquished

Notes
Turn   | Place    | Note
-------+----------+-------------------------------------------
     0 | D:1      | Haldmier the Minotaur Berserker began the quest for the Orb.
     0 | D:1      | Reached XP level 1. HP: 19/19 MP: 0/0
    22 | D:1      | Reached skill level 4 in Maces & Flails
    62 | D:1      | Reached XP level 2. HP: 24/26 MP: 1/1
   508 | D:1      | Reached skill level 5 in Maces & Flails
   730 | D:2      | Reached XP level 3. HP: 31/31 MP: 2/2
   851 | D:2      | Reached ** piety under Trog
   907 | D:2      | Noticed Natasha
   920 | D:2      | Killed Natasha
  1178 | D:2      | Noticed Natasha
  1185 | D:2      | Killed Natasha
  1185 | D:2      | Reached skill level 6 in Maces & Flails
  1185 | D:2      | Reached XP level 4. HP: 39/39 MP: 3/3
  1221 | D:2      | Found a runed door.
  1225 | D:2      | Noticed Crazy Yiuf
  1533 | D:2      | Killed Crazy Yiuf
  1658 | D:2      | Reached XP level 5. HP: 46/46 MP: 4/4
  1760 | D:2      | Noticed Natasha
  1767 | D:2      | Killed Natasha
  1928 | D:2      | Found an opulent altar of Gozag.
  2233 | D:3      | Noticed Grinder
  2251 | D:3      | Killed Grinder
  2251 | D:3      | Reached skill level 7 in Maces & Flails
  2251 | D:3      | Reached skill level 1 in Evocations
  2251 | D:3      | Reached XP level 6. HP: 25/53 MP: 5/5
  3414 | D:4      | Noticed an orc warrior
  3432 | D:4      | Killed an orc warrior
  3432 | D:4      | Reached XP level 7. HP: 43/60 MP: 5/7
  3649 | D:4      | Reached skill level 5 in Fighting
  3701 | D:4      | Found a sacrificial altar of Ru.
  3835 | D:5      | Entered Level 5 of the Dungeon
  4007 | D:5      | Reached skill level 8 in Maces & Flails
  4202 | D:5      | Found a sparkling altar of Nemelex Xobeh.
  4289 | D:5      | Found a basalt altar of Yredelemnul.
  4433 | D:5      | Reached *** piety under Trog
  4457 | D:5      | Reached skill level 5 in Armour
  4457 | D:5      | Reached XP level 8. HP: 60/70 MP: 8/8
  4619 | D:5      | Found a burning altar of Makhleb.
  4623 | D:5      | Found a shimmering altar of Xom.
  5262 | D:6      | Found a staircase to the Ecumenical Temple.
  5391 | D:6      | Found a blossoming altar of Fedhas.
  5556 | D:7      | Reached skill level 1 in Shields
  5577 | D:7      | Noticed azzavlup's ghost (novice MfIE)
  5722 | D:7      | Reached skill level 9 in Maces & Flails
  5741 | D:7      | Killed azzavlup's ghost
  5858 | D:7      | Reached XP level 9. HP: 64/78 MP: 10/10
  5951 | D:7      | Found a glowing golden altar of the Shining One.
  6290 | D:7      | Reached skill level 5 in Dodging
  6619 | D:8      | Reached skill level 10 in Maces & Flails
  6635 | D:8      | Reached skill level 5 in Shields
  6799 | D:8      | Found a snail-covered altar of Cheibriados.
  6799 | D:8      | Found a radiant altar of Vehumet.
  6804 | D:8      | Found a faded altar of an unknown god.
  6806 | D:8      | Found a hide-covered altar of Uskayaw.
  6808 | D:8      | Found a faded altar of an unknown god.
  7228 | D:8      | Found a staircase to the Lair.
  7229 | D:8      | Noticed a komodo dragon
  7265 | D:8      | Killed a komodo dragon
  7542 | Lair:1   | Entered Level 1 of the Lair of Beasts
  7703 | Lair:1   | Reached XP level 10. HP: 85/88 MP: 12/12
  7705 | Lair:1   | Noticed an eight-headed hydra
  7711 | Lair:1   | Noticed a spiny frog
  7726 | Lair:1   | Killed an eight-headed hydra
  7726 | Lair:1   | Reached skill level 11 in Maces & Flails
  7736 | Lair:1   | Killed a spiny frog
  8109 | Lair:1   | Noticed a spiny frog
  8124 | Lair:1   | Killed a spiny frog
  8411 | Lair:1   | Reached skill level 12 in Maces & Flails
  8573 | Lair:1   | Noticed a spiny frog
  8589 | Lair:1   | Killed a spiny frog
  8951 | Lair:1   | Reached **** piety under Trog
  8951 | Lair:1   | Reached XP level 11. HP: 68/95 MP: 13/13
  9492 | Lair:1   | Reached skill level 10 in Shields
 10098 | D:9      | Reached skill level 13 in Maces & Flails
 10736 | D:10     | Entered Level 10 of the Dungeon
 11336 | D:10     | Found a shadowy altar of Dithmenos.
 12352 | D:11     | Reached ***** piety under Trog
 12422 | D:11     | Killed an unseen horror
 12687 | D:11     | Noticed a hill giant
 12700 | D:11     | Reached XP level 12. HP: 106/106 MP: 14/14
 13031 | D:11     | You fall through a shaft for 3 floors!
 13040 | D:14     | Reached skill level 14 in Maces & Flails
 13051 | D:14     | Found an iron altar of Okawaru.
 13060 | D:14     | Reached skill level 10 in Fighting
 13130 | D:14     | Noticed Kirke
 13514 | D:14     | Noticed a centaur warrior
 13526 | D:14     | Killed a centaur warrior
 13550 | D:14     | Noticed a centaur warrior
 13560 | D:14     | Killed a centaur warrior
 13861 | D:14     | Reached skill level 10 in Armour
 14102 | D:14     | Mangled by a white ugly thing

Skill      XL: |  1  2  3  4  5  6  7  8  9 10 11 12 |
---------------+-------------------------------------+-----
Maces & Flails | 4 5 6 7 8 9 10 12 13 14 | 14.6
Armour         | 3 4 5 6 8 9 10 | 10.2
Fighting       | 4 5 6 7 8 9 10 | 10.5
Dodging        | 3 4 5 |  5.0
Evocations     | 1 2 3 4 |  4.0
Shields        | 3 6 9 11 12 | 12.5

Action                   |  1- 3 |  4- 6 |  7- 9 | 10-12 || total
-------------------------+-------+-------+-------+-------++-------
Melee: Mace              |    56 |   108 |   145 |       ||   309
       Headbutt          |    15 |    18 |    53 |   161 ||   247
       Morningstar       |       |       |   107 |   685 ||   792
Throw: Tomahawk          |     3 |     4 |     4 |     8 ||    19
Invok: Berserk           |       |     2 |     1 |    11 ||    14
       Trog's Hand       |       |     1 |       |     7 ||     8
       Burn Spellbooks   |       |       |       |     1 ||     1
       Brothers in Arms  |       |       |       |     2 ||     2
 Abil: Evoke Invisibilit |       |       |       |     4 ||     4
Evoke: Wand              |       |       |       |     2 ||     2
  Use: Scroll            |       |       |    14 |    13 ||    27
       Potion            |       |       |       |     1 ||     1
 Stab: Sleeping          |       |       |     3 |       ||     3
       Distracted        |       |       |     1 |     1 ||     2
       Invisible         |       |       |       |     8 ||     8
  Eat: Chunk             |     1 |     9 |    15 |    33 ||    58
       Meat ration       |       |       |       |     1 ||     1
Armor: Animal skin       |     8 |       |       |       ||     8
       Ring mail         |     3 |    26 |    82 |   146 ||   257
Dodge: Dodged            |    33 |    44 |    71 |   163 ||   311
Block: Large shield      |       |       |    83 |   518 ||   601
